 Dungeon Crawl Stone Soup version 0.15-b1-53-g7f43fce (webtiles) character file.

269 zercules the Cudgeler (level 6, -5/67 HPs)
             Began as an Ogre Berserker on Aug 10, 2014.
             Was a Priest of Trog.
             Slain by an orc
             ... wielding a +0 club
              (6 damage)
             ... on Level 4 of the Dungeon.
             The game lasted 00:21:11 (3758 turns).

zercules the Cudgeler (Ogre Berserker)              Turns: 3758, Time: 00:21:11

HP  -5/67        AC  3     Str 28      XL: 6   Next: 22%
MP   6/6         EV 11     Int  6      God: Trog [***...]
Gold 164         SH  0     Dex 11      Spells:  0 memorised,  5 levels left

rFire  . . .     SeeInvis .     a - +0 mace
rCold  . . .     Clarity  .     v - +0 robe
rNeg   . . .     rCorr    .     (shield restricted)
rPois  .         rRot     .     (helmet restricted)
rElec  .         Spirit   .     (no cloak)
SustAb .         Warding  .     (gloves unavailable)
rMut   .         Stasis   .     (boots unavailable)
Gourm  .                        (no amulet)
MR     .....                    (no ring)
                                (no ring)

@: mighty, exhausted, slowed, very slow, not resistant to hostile enchantments,
very unstealthy
A: unfitting armour, tough skin 1, wild magic 1
a: Burn Spellbooks, Berserk, Trog's Hand, Renounce Religion


You were on level 4 of the Dungeon.
You worshipped Trog.
Trog was most pleased with you.
You were hungry.

You visited 1 branch of the dungeon, and saw 4 of its levels.

You collected 164 gold pieces.


Innate Abilities, Weirdness & Mutations

You are too large for most types of armour.
You have tough skin (AC +1).
Your spells are a little harder to cast, but a little more powerful.


   Skills:
 + Level 6.0 Fighting
 + Level 6.2 Maces & Flails
 + Level 4.2 Dodging


You had 5 spell levels left.
You didn't know any spells.

Dungeon Overview and Level Annotations

Branches:
Dungeon (4/15)
 Temple: D:4-7

Altars:
Cheibriados
Dithmenos
Yredelemnul
Beogh

Annotations:
D:3 Sigmund

Inventory:

Hand weapons
 a - a +0 mace (weapon)
Missiles
 k - 66 stones (quivered)
 l - 14 poisoned needles
Armour
 v - a +0 robe (worn)
Comestibles
 c - 2 meat rations
 g - a bread ration
 r - 2 rotting chunks of orc flesh {@w1}
 t - 7 fruits
Scrolls
 d - a scroll of amnesia {unknown}
 f - a scroll of teleportation {unknown}
 i - a scroll of noise {unknown}
 m - a scroll of fear {unknown}
 o - 3 scrolls of blinking {unknown}
 p - 2 scrolls of immolation {unknown}
 q - a scroll of remove curse {unknown}
Jewellery
 e - an uncursed ring of ice {unknown}
 j - an uncursed ring of regeneration {unknown}
 n - a cursed -5 ring of evasion {unknown}
Potions
 h - a potion of restore abilities

...#..# #..##..####.#
...#..# ##.#..## ###
......## #....#
.......######...##
................#
................###
..................
.##...........#..#
........#######o@#
...o....##...##)o#
.......##.8.8.##(#
.......##_**oo'..#
........#.8.8.#(.##
........##...##..(###.#
.......#######.......#
##.......#####).###.##
###.........)))## ..#


You could see an orc priest and an orc.


Message History

The orc throws a tomahawk.
The tomahawk hits you but does no damage.
Something hits you.
* * * LOW HITPOINT WARNING * * *
You see here a tomahawk.
You closely miss the orc. You sock the orc!
The orc is almost dead.
The orc barely misses you.
Use which ability? (? or * to list)
A red film seems to cover your vision as you go berserk!
You feel yourself moving faster!
You feel mighty!
You feel somewhat more hungry. The orc hits you but does no damage.
You hear some strange, mumbled words.
The puff of flame hits you!
* * * LOW HITPOINT WARNING * * *
You sock the orc!
You kill the orc!
Trog accepts your kill.
You barely miss something.
Unknown command.
You closely miss something.
You hear some strange, mumbled words.
The magic dart hits you!
* * * LOW HITPOINT WARNING * * *
You miss something.
You hear some strange, mumbled words.
You are confused.
The orc priest calls down the wrath of Beogh upon you.
You miss something.
Ouch!
You feel a strong urge to attack something.
The orc hits you with a club.
* * * LOW HITPOINT WARNING * * *
Ouch! You feel your anger subside.
You are no longer berserk.
You are exhausted.
You feel yourself slow down.
You are feeling hungry.
You aren't carrying any items that can be evoked.
Unknown command.
Unknown command.
Drink which item? (? for menu, Esc to quit)
You feel very mighty all of a sudden.
It was a potion of might.
You hear some strange, mumbled words.
Something tries to affect you, but you resist.
The orc hits you with a club.
* * * LOW HITPOINT WARNING * * *
You hear some strange, mumbled words.
Something tries to affect you, but you resist.
The orc hits you with a club.
* * * LOW HITPOINT WARNING * * *
Drink which item? (? for menu, Esc to quit)
You feel much better.
It was a potion of heal wounds.
The orc priest calls down the wrath of Beogh upon you.
Something smites you!
* * * LOW HITPOINT WARNING * * *
Unknown command.
Ouch! You hear some strange, mumbled words.
The magic dart hits you!
* * * LOW HITPOINT WARNING * * *
The orc barely misses you. Something hits you.
* * * LOW HITPOINT WARNING * * *
Ouch! You feel less confused. The orc priest closely misses you.
The orc hits you with a club.
You die...

Action                   |  1- 3 |  4- 6 || total
-------------------------+-------+-------++-------
Melee: Mace              |    83 |   178 ||   261
Throw: Stone             |    20 |     4 ||    24
Invok: Berserk           |     1 |     3 ||     4
       Trog's Hand       |       |     1 ||     1
  Use: Scroll            |       |     4 ||     4
       Potion            |       |     5 ||     5
  Eat: Chunk             |     1 |     5 ||     6
       Beef jerky        |     1 |       ||     1
       Bread ration      |       |     1 ||     1
       Fruit             |       |     1 ||     1

Vault maps used:
D:1:      lightli_molten_gateway
D:2:      lemuel_round_altar, first_bread
D:3:      cheibriados_altar_1, corner_web_ring, wad_floor_pattern_1,
          minmay_misc_feat_rows, grunt_ministairs_10, uniq_sigmund
D:4:      lemuel_zombie_altar_yredelemnul, kennysheep_orc_chapel

Notes
Turn   | Place    | Note
--------------------------------------------------------------
     0 | D:1      | zercules, the Ogre Berserker, began the quest for the Orb.
     0 | D:1      | Reached XP level 1. HP: 24/24 MP: 1/1
    18 | D:1      | Reached skill level 3 in Dodging
   566 | D:2      | Reached XP level 2. HP: 14/32 MP: 2/2
   789 | D:2      | Found a shadowy altar of Dithmenos.
   927 | D:2      | Acquired Trog's second power
  1036 | D:2      | Reached XP level 3. HP: 33/40 MP: 3/3
  1253 | D:2      | HP: 15/60 [worm (2)]
  1375 | D:2      | HP: 10/40 [adder (1)]
  1379 | D:2      | Reached XP level 4. HP: 8/49 MP: 4/4
  1380 | D:2      | HP: 7/49 [poisoned by an adder]
  1384 | D:2      | Gained mutation: Your spells are a little harder to cast, but a little more powerful. [potion of beneficial mutation]
  1384 | D:2      | HP: 3/49 [poisoned by an adder]
  1389 | D:2      | HP: 5/49 [poisoned by an adder]
  1395 | D:2      | HP: 9/49 [poisoned by an adder]
  1407 | D:2      | HP: 12/49 [poisoned by an adder]
  1729 | D:2      | HP: 7/49 [worm (8)]
  1731 | D:2      | Reached skill level 5 in Fighting
  2082 | D:3      | Found a snail-covered altar of Cheibriados.
  2199 | D:3      | Reached skill level 5 in Maces & Flails
  2316 | D:3      | Noticed Sigmund
  2711 | D:3      | Reached XP level 5. HP: 51/57 MP: 5/5
  2798 | D:4      | Reached skill level 4 in Dodging
  3441 | D:4      | Found a basalt altar of Yredelemnul.
  3505 | D:4      | HP: 13/59 [orc wizard/magic dart (6)]
  3506 | D:4      | Reached XP level 6. HP: 14/67 MP: 6/6
  3508 | D:4      | Reached skill level 6 in Maces & Flails
  3510 | D:4      | Reached skill level 6 in Fighting
  3510 | D:4      | HP: 16/100 [orc/club (6)]
  3516 | D:4      | HP: 16/100 [orc/war axe (2)]
  3524 | D:4      | HP: 9/67 [orc/dagger (4)]
  3733 | D:4      | Found a roughly hewn altar of Beogh.
  3745 | D:4      | HP: 22/100 [something/puff of flame (9)]
  3752 | D:4      | HP: 14/100 [orc/club (2)]
  3755 | D:4      | HP: 3/67 [orc/club (5)]
  3757 | D:4      | HP: 1/67 [something (1)]
  3758 | D:4      | Slain by an orc

Vanquished Creatures
  2 orc priests
  A worker ant (D:4)
  2 orc wizards
  6 adders
  2 worms (D:2)
  An ooze (D:2)
  9 orcs
  A bat skeleton (D:4)
  3 giant cockroaches
  2 gnoll zombies (D:4)
  A hobgoblin (D:2)
  2 jackals (D:1)
  2 quokkas
  A ball python (D:4)
  11 bats
  3 giant newts
  11 goblins
  A goblin skeleton (D:4)
  5 kobolds
  8 rats
  A rat skeleton (D:4)
75 creatures vanquished.
